cohdb
Replays
Latest Replays
All Replays
Popular Replays
Top Player Replays
Match Explorer
How It Works
Community
CoH3 Stats
Reddit
Sign in to upload your games and track your stats! →
Sign in with Steam
Match 46064508
Unlisted
Match 46064508
Overview
Messages
Build Orders
End
Scout Squad
Construct Weapon Support Center
Selects Advanced Infantry Battlegroup
M1919 Machine Gun Team
Scout Squad
Engineer Squad
Engineer Squad
Infantry Support Center
M3 Armored Personnel Carrier
Selects Artillery Observers
Construct Medical Station
Munitions Surplus
Bazooka Squad
Improved M9 Bazooka Rockets
Bazooka Squad
M1919 Machine Gun Team
Selects M2A1 105mm Howitzer Emplacement
Advanced Logistics
Survival Training
Demolitions Package
Bazooka Squad
Selects Free Fire Drills
Selects Convert to Ranger Squad
Selects Designate Assault Position
Bazooka Squad
Designate Assault Position
Construct Barracks
PAX AJAX
Makros
0
0
Comments
sign in to comment!
No comments posted yet!